Description

This is Game 3 in Gold 1 of the ViBE Protoss B2GM 2021 series.

VOD

https://youtu.be/RuFU9TRK6uE?t=4392

Replay - Gold 1 - PvZ - Game 3

Build Order

Get SALT Encoding   

  12  0:00  Probe  
  13  0:12  Probe  
  14  0:22  Pylon  
  14  0:24  Probe  
  15  0:40  Probe (Chrono Boost), Gateway  
  16  0:46  Assimilator  
  17  0:51  Probe x2 (Chrono Boost)  
  18  1:06  Probe  
  20  1:18  Probe  
  19  1:29  Nexus  
  19  1:31  Probe  
  20  1:39  Cybernetics Core  
  20  1:43  Probe  
  20  1:46  Assimilator  
  21  1:55  Pylon  
  23  2:15  Stalker  
  23  2:16  Warp Gate  
  29  2:46  Sentry  
  29  2:49  Gateway  
  33  2:51  Robotics Facility  
  37  3:16  Stalker  
  40  3:23  Pylon x2  
  42  3:32  Pylon  
  44  3:42  Immortal  
  50  4:04  Stalker x2  
  56  4:11  Nexus  
  56  4:22  Observer  
  59  4:27  Assimilator x2  
  59  4:30  Stalker x2  
  65  4:46  Immortal  
  72  5:07  Stalker x2  
  79  5:16  Twilight Council  
  79  5:18  Forge x2  
  83  5:37  Immortal  
  83  5:39  Charge  
  89  5:46  Gateway x3  
  90  5:51  Protoss Ground Weapons Level 1 (Chrono Boost), Protoss Ground Armor Level 1 (Chrono Boost)  
  92  6:07  Stalker x2  
  99  6:15  Templar Archives  
  101  6:35  Nexus  
  101  6:43  Assimilator x2  
  101  6:56  Immortal  
  101  7:01  High Templar x2  
  112  7:02  Zealot x3  
  112  7:06  Archon  
  124  7:36  Gateway x4  
  127  7:45  Protoss Ground Armor Level 2 (Chrono Boost), Protoss Ground Weapons Level 2 (Chrono Boost)  
  127  7:48  Zealot x5  
  127  7:50  Immortal  
  144  7:59  Robotics Facility  
  144  8:00  Gateway  
  144  8:13  High Templar x4  
  144  8:15  Zealot  
  144  8:17  Archon x2  
  154  8:33  Assimilator x2  
  158  8:51  High Templar x4  
  158  8:53  Zealot  
  172  9:01  Nexus  
  172  9:29  Archon x2  
  172  9:30  Nexus  
  197  10:17  Nexus  
  183  10:27  Immortal x2 (Chrono Boost)  
  199  10:40  Archon x5  
  199  11:25  Assimilator x2  
  195  11:30  Observer x2  
Spawning Tool Build Advisor. Get it on Overwolf

Analysis

*

Go to:

Details

  • Created by: Maxgy   
  • Published on: Mar 30, 2021
  • Modified on: Apr 09, 2021
  • Patch: 4.11.0
  • Difficulty: Easy
Show
View Real Time Build Order
Export as new Build Order

Comments (0)

There are no comments. Be the first!

Create an account to comment!